 Dungeon Crawl Stone Soup version 0.27.1-3-gb3d3a73c9e (webtiles) character file.

Game seed: 12430421453166969825

10 Urokeeper the Sneak (level 2, 0/22 HPs)
             Began as a Human Brigand on Oct 21, 2021.
             Slain by an adder (1 damage)
             ... on level 2 of the Dungeon.
             The game lasted 00:00:52 (599 turns).

Urokeeper the Sneak (Human Brigand)                  Turns: 599, Time: 00:00:53

Health: 0/22       AC:  3    Str: 11    XL:     2   Next: 30%
Magic:  2/2        EV: 12    Int: 11    God:
Gold:   0          SH:  0    Dex: 14    Spells: 1/1 levels left

rFire    . . .     SeeInvis .   a - +2 dagger
rCold    . . .     Faith    .   (no shield)
rNeg     . . .     Spirit   .   b - +0 robe
rPois    .         Reflect  .   (no helmet)
rElec    .         Harm     .   c - +0 cloak
rCorr    .         Rampage  .   (no gloves)
Will     .....                  (no boots)
Stlth    +++.......             (no amulet)
HPRegen  0.07/turn              (no ring)
MPRegen  0.08/turn              (no ring)

@: no status effects
A: no striking features
a: no special abilities


You were on level 2 of the Dungeon.
You visited 1 branch of the dungeon, and saw 2 of its levels.

Inventory:

Hand Weapons
 a - a +2 dagger (weapon)
Missiles
 d - 22 poisoned darts (quivered)
 e - 2 curare-tipped darts
Armour
 b - a +0 robe (worn)
 c - a +0 cloak (worn)
Scrolls
 f - a scroll of magic mapping {unknown}
 g - a scroll of fear {unknown}
 h - a scroll of torment {unknown}


   Skills:
 + Level 2.1 Fighting
 + Level 2.1 Short Blades
 + Level 2.1 Throwing
 + Level 1.2 Dodging
 + Level 4.1 Stealth


You had one spell level left.
You didn't know any spells.
Your spell library was empty.

Dungeon Overview and Level Annotations

Branches:
Dungeon (1/15)

Altars:


Message History

The shaft crumbles and collapses.
Found 15 poisoned darts.
d - 23 poisoned darts (gained 15)
Found a ring mail.
Found a stone staircase leading down.
Found a stone staircase leading up.
Found a scroll labelled JUEGHI SURRA.
Found a stone staircase leading up.
h - a scroll labelled JUEGHI SURRA An orc comes into view.
It is wielding a +1 short sword of speed.
The orc shouts!
You hear a shout! x2
An orc is nearby!
An orc is nearby!
An orc is nearby!
An adder comes into view.
Found a stone staircase leading down.
You closely miss the orc. The orc completely misses you.
The orc barely misses you.
You barely miss the orc.
The orc hits you with a +1 short sword of speed.
You hit the orc.
The orc is lightly wounded.
The orc hits you but does no damage.
Throw: 23 darts (poison)
Press: ? - help, Q - select action, (/) - cycle Shift-Dir - straight line, f - orc
Aim: an orc, wielding a +1 short sword of speed and wearing a +0 ring mail (lightly wounded, 64% to hit)
You throw a poisoned dart.
The poisoned dart closely misses the orc.
The orc hits you with a +1 short sword of speed.
The orc barely misses you.
The orc hits you with a +1 short sword of speed.
The adder barely misses you.
The orc hits you with a +1 short sword of speed. x2
The adder barely misses you. The orc closely misses you.
There is a stone staircase leading up here.
The orc hits you with a +1 short sword of speed!
* * * LOW HITPOINT WARNING * * *
The adder bites you.
You die...

###.#######.#
............#
#..
.##.#########
#..
###.########
#.####
#........#
#.##(.
########.#
#.##.# #.#
#.##.# ####.#
#..#.# #....#
#@.#.# ##
#.####
#So#.###>...
#.#
#...........
#.#
#....#######
#.# ##....#
#.# #.....#
#.#
#...#.######
#.#
#............
#.#
#.#.########.


You could see an adder and an orc.

Vanquished Creatures
  A ball python (D:1)
  A giant cockroach (D:1)
  2 hobgoblins (D:1)
  A kobold (D:1)
  3 bats (D:1)
  A goblin (D:1)
  A rat (D:1)
10 creatures vanquished.

Notes
Turn   | Place    | Note
-------+----------+-------------------------------------------
     0 | D:1      | Urokeeper the Human Brigand began the quest for the Orb.
     0 | D:1      | Reached XP level 1. HP: 16/16 MP: 1/1
    95 | D:1      | Reached XP level 2. HP: 4/22 MP: 2/2
   474 | D:1      | You fall into a shaft and drop 1 floor!
   599 | D:2      | HP: 1/22 [orc (7)]
   599 | D:2      | Slain by an adder

Illustrated notes

Levels and vault maps discovered:
D:1:      evilmike_arrival_rings, layout_loops_ring,
          hellmonk_ecumenical_altar_crossroads, hangedman_decor_growths
D:2:      layout_loops_ring

Action                   || total
-------------------------++-------
Melee: Dagger            ||    45
Throw: Dart              ||     4
Armor: Robe              ||    20
Dodge: Dodged            ||    29
